 Dungeon Crawl Stone Soup version 0.27.1-33-g824d729ab1 (webtiles) character file.

Game seed: 1947986521285904419

23 Descartes the Magician (level 3, -18/29 HPs)
             Began as a Djinni Wanderer on Dec 28, 2021.
             Demolished by a polar bear (27 damage)
             ... created by the rage of Trog
             ... on level 2 of the Dungeon.
             The game lasted 00:03:01 (1788 turns).

Descartes the Magician (Djinni Wanderer)            Turns: 1788, Time: 00:03:02

Health: -18/29     AC:  2    Str: 11    XL:     3   Next: 12%
Gold:   55         EV: 11    Int: 14    God:
                   SH:  0    Dex: 12

rFire    + + .     SeeInvis .   a - +0 dagger
rCold    . . .     Faith    .   (no shield)
rNeg     . . .     Spirit   .   c - +0 robe
rPois    ∞         Reflect  .   (no helmet)
rElec    .         Harm     .   (no cloak)
rCorr    .         Rampage  .   (no gloves)
Will     .....                  (boots unavailable)
Stlth    ++........             (no amulet)
HPRegen  0.09/turn              j - ring of protection from cold
MPRegen  0.00/turn              (no ring)

@: flying
A: sickness immunity, fire resistance 2, cold vulnerability 1, float, innate
caster, hp casting, extra vitality 1
a: no special abilities


You were on level 2 of the Dungeon.
You visited 1 branch of the dungeon, and saw 2 of its levels.

You collected 55 gold pieces.

Inventory:

Hand Weapons
 a - a +0 dagger (weapon)
Missiles
 f - 87 stones
Armour
 c - a +0 robe (worn)
Jewellery
 j - a ring of protection from cold (left hand)
Scrolls
 d - a scroll of teleportation
 e - 2 scrolls of identify {unknown}
 h - a scroll of noise {unknown}
 i - 2 scrolls of enchant weapon {unknown}
Potions
 b - a potion of curing
 g - a potion of berserk rage {unknown}


   Skills:
 + Level 2.6 Fighting
 - Level 1.0 Long Blades
 - Level 1.0 Throwing
 - Level 1.1 Dodging
 - Level 1.0 Stealth
 - Level 4.1 Spellcasting


You couldn't memorise any spells.
You knew the following spells:

 Your Spells              Type           Power      Damage    Failure   Level
a - Magic Dart            Conj           56%        1d5       3%          1
b - Blink                 Tloc           N/A        N/A       5%          2
c - Call Imp              Summ           14%        N/A       5%          2
d - Slow                  Hex            14%        N/A       5%          2
e - Conjure Flame         Conj/Fire      14%        6-21      11%         3
f - Mephitic Cloud        Conj/Pois/Air  14%        N/A       11%         3
g - Beastly Appendage     Tmut           28%        N/A       3%          1

Your spell library contained the following spells:

 Spells                   Type           Power      Damage    Failure   Level


Dungeon Overview and Level Annotations

Branches:
Dungeon (2/15)

Altars:
Trog

Annotations:
D:1 Terence


Innate Abilities, Weirdness & Mutations

You are immune to sickness and miasma.
You are immune to poison.
Your flesh is very heat resistant. (rF++)
You are vulnerable to cold. (rC-)
You float through the air rather than walking.
You learn spells naturally, not from books.
Your magical power is your life essence.
You have superior vitality. (+4 HP)


Message History

Confirm with . or Enter, or press ? or * to list all spells.
You can't see any susceptible monsters within range! (Use Z to cast anyway.) Unknown command.
f - 73 stones (gained 11)
f - 87 stones (gained 14)
You reach down and open the door.
There is an open door here.
A ball python comes into view.
Casting: Magic Dart (safe; 3% risk of failure)
Confirm with . or Enter, or press ? or * to list all spells.
Aiming: Magic Dart (safe; 3% risk of failure)
Press: ? - help, Shift-Dir - straight line, f - ball python
Aim: a ball python (asleep, 100% to hit)
The magic dart hits the ball python.
You kill the ball python!
Casting: Magic Dart (safe; 3% risk of failure)
Confirm with . or Enter, or press ? or * to list all spells.
You can't see any susceptible monsters within range! (Use Z to cast anyway.) Unknown command.
Casting: Magic Dart (safe; 3% risk of failure)
Confirm with . or Enter, or press ? or * to list all spells.
You can't see any susceptible monsters within range! (Use Z to cast anyway.) Unknown command.
Trog sends monsters to punish you. 2 polar bears and 2 black bears come into view.
You see here a +0 dagger.
Casting: Magic Dart (safe; 3% risk of failure)
Confirm with . or Enter, or press ? or * to list all spells.
You blink.
You hear an angry growl.
Found 25 sling bullets.
You hear an angry growl.
The polar bear rages.
The polar bear bites you! The polar bear claws you. x2
You hear an angry growl.
You see here 11 gold pieces.
You hear an angry growl. x2
The polar bear bites you!!
Ouch! That really hurt!
You die...

#..........#
####......†#
#.......#
######..# ##
#..#
(...#####
#..#
........##
#..#
#########h.#
#..#
.......@h#.#
#..#
########.#h##
#..# #.#..#
#..# #.##.##
#..#
#.##h.####..#
#....).<##..#
#####h####..#
.. #.# #..#
#.#.#)####..#


You could see a polar bear (berserk) and a black bear (berserk).

Vanquished Creatures
  2 bats
  An endoplasm (D:2)
  2 giant cockroaches (D:1)
  3 goblins
  3 hobgoblins (D:1)
  4 ball pythons
  3 frilled lizards (D:1)
  2 kobolds
  2 rats
22 creatures vanquished.

Notes
Turn   | Place    | Note
-------+----------+-------------------------------------------
     0 | D:1      | Descartes the Djinni Wanderer began the quest for the Orb.
     0 | D:1      | Reached XP level 1. HP: 17/17 MP: 0/0
   317 | D:1      | Found a faded altar of an unknown god.
   324 | D:1      | Became a worshipper of Trog the Wrathful
   324 | D:1      | Reached * piety under Trog
   326 | D:1      | Was placed under penance by Trog
   327 | D:1      | Fell from the grace of Trog
   392 | D:1      | Reached XP level 2. HP: 21/23 MP: 0/0
  1311 | D:2      | Reached XP level 3. HP: 17/29 MP: 0/0
  1311 | D:2      | Learned a level 1 spell: Beastly Appendage
  1458 | D:2      | Noticed Terence
  1781 | D:2      | Noticed a black bear
  1781 | D:2      | Noticed a polar bear
  1781 | D:2      | Noticed a black bear
  1781 | D:2      | Noticed a polar bear
  1788 | D:2      | Demolished by a polar bear

Illustrated notes

Levels and vault maps discovered:
D:1:      matt_arrival_refuge, layout_basic, basic_ecumenical_altar, hex_large
D:2:      layout_basic, uniq_terence

Skill      XL: |  1  2 |
---------------+-------+-----
Fighting       | 2 |  2.6
Long Blades    | |  1.0
Throwing       | |  1.0
Dodging        | |  1.1
Stealth        | |  1.0
Spellcasting   | |  4.1

Action                   || total
-------------------------++-------
 Cast: Magic Dart        ||    56
       Blink             ||     4
Invok: Renounce Religion ||     1
Dodge: Dodged            ||     5
